 Dungeon Crawl Stone Soup version 0.28-a0-1594-ga885d4b3d6 (webtiles) character file.

Game seed: 6882689824427904536

238 kae the Ruffian (level 5, -4/41 HPs)
             Began as a Draconian Transmuter on Jan 20, 2022.
             Slain by Duvessa (9 damage)
             ... on level 4 of the Dungeon.
             The game lasted 00:02:59 (4892 turns).

kae the Ruffian (Draconian Transmuter)              Turns: 4892, Time: 00:03:00

Health: -4/41      AC:  2    Str: 12    XL:     5   Next: 78%
Magic:  7/9        EV: 19    Int: 22    God:
Gold:   198        SH:  0    Dex: 16    Spells: 1/9 levels left

rFire   . . .      SeeInvis .     - Unarmed
rCold   . . .      Faith    .   (shield currently unavailable)
rNeg    . . .      Spirit   .   (armour unavailable)
rPois   x          Reflect  .   (helmet currently unavailable)
rElec   .          Harm     .   (cloak currently unavailable)
rCorr   .          Rampage  .   (gloves currently unavailable)
Will    +....                   (boots currently unavailable)
Stlth   +.........              (no amulet)
HPRegen 0.13/turn               a - ring of willpower
MPRegen 0.11/turn               i - +6 ring of intelligence

@: spider-form (expiring)
A: venomous fangs, AC +5, tiny, unfitting armour, (cold-blooded)
a: End Transformation


You were on level 4 of the Dungeon.
You were a venomous arachnid creature.
You visited 1 branch of the dungeon, and saw 4 of its levels.

You collected 198 gold pieces.

Inventory:

Jewellery
 a - a ring of willpower (left front leg)
 c - a ring of resist corrosion
 i - a +6 ring of intelligence (right front leg)
Scrolls
 d - a scroll of enchant weapon
 e - a scroll of fog
 j - a scroll of magic mapping
Potions
 b - a potion of attraction
 g - a potion of curing
 h - a potion of brilliance {unknown}


   Skills:
 + Level 2.2 Fighting
 + Level 2.5 Dodging
 * Level 4.1 Unarmed Combat
 + Level 2.7 Spellcasting
 * Level 3.4 Transmutations
 * Level 1.9 Poison Magic


You had one spell level left.
You knew the following spells:

 Your Spells              Type           Power      Damage    Failure   Level
a - Beastly Appendage     Tmut           36%        N/A       11%         1
b - Spider Form           Tmut/Pois      14%        N/A       30%         3
c - Ice Form              Ice/Tmut       10%        N/A       75%         4

Your spell library contained the following spells:

 Spells                   Type           Power      Damage    Failure   Level
 Magic Dart               Conj           8%         1d3       30%         1
 Sandblast                Erth           4%         2d4       30%         1
 Slow                     Hex            8%         N/A       30%         1
 Wereblood                Tmut           18%        N/A       14%         2
 Passwall                 Tmut/Erth      8%         N/A       24%         2
 Call Imp                 Summ           2%         N/A       38%         2
 Sublimation of Blood     Necr           2%         N/A       38%         2
 Mephitic Cloud           Conj/Pois/Air  5%         N/A       50%         3
 Confusing Touch          Hex            2%         N/A       58%         3
 Stone Arrow              Conj/Erth      4%         3d7       58%         3
 Vampiric Draining        Necr           2%         2d6       58%         3
 Petrify                  Tmut/Erth      10%        N/A       75%         4
 Irradiate                Conj/Tmut      5%         3d15      96%         5


Dungeon Overview and Level Annotations

Branches:
Dungeon (4/15)
 Temple: D:4-7

Altars:
Uskayaw

Annotations:
D:4 Dowan, Duvessa


Innate Abilities, Weirdness & Mutations

You are a venomous arachnid creature.
You have poisonous fangs.
You are tiny and dextrous.
Your spellcasting is less reliable in this form.
Your armour is entirely melded.
You are incapable of wielding weapons or throwing items.
((Your plain brown scales are hard. (AC +5)))
You cannot fit into any form of body armour.
((You are cold-blooded and may be slowed by cold attacks.))


Message History

Confirm with . or Enter, or press ? or * to list all spells.
You turn into a venomous arachnid creature.
You climb downwards.
Level annotation: Dowan, Duvessa Duvessa misses you.
Dowan closely misses you.
There is a stone staircase leading up, spattered with blood here.
Dowan hits you with a +0 dagger.
You hit Duvessa.
Duvessa is poisoned.
Duvessa is lightly wounded.
Duvessa closely misses you.
You bite Duvessa!
Duvessa looks as sick as possible!
Duvessa is moderately wounded.
Duvessa hits you with a +0 short sword.
You barely miss Duvessa.
Duvessa is moderately wounded.
Duvessa completely misses you.
Dowan casts a spell.
Dowan blinks!
You hit Duvessa but do no damage.
Duvessa looks as sick as possible!
Duvessa is moderately wounded.
Duvessa hits you with a +0 short sword!
You hit Duvessa but do no damage.
Duvessa looks as sick as possible!
Duvessa is moderately wounded.
Duvessa gestures with her weapon.
Duvessa completely misses you.
You hit Duvessa but do no damage.
Duvessa is heavily wounded.
Your transformation is almost over.
Duvessa misses you.
You bite Duvessa!
Duvessa looks as sick as possible!
Duvessa is severely wounded.
Duvessa hits you with a +0 short sword!
You hit Duvessa.
Duvessa looks as sick as possible!
Duvessa is almost dead.
Duvessa hits you with a +0 short sword!
* * * LOW HITPOINT WARNING * * *
You hit Duvessa but do no damage.
Duvessa looks as sick as possible!
Duvessa is almost dead.
Duvessa hits you with a +0 short sword!
You die...

### #..
#.#####.#
#.......#
##.#.<#########.
#......es.......
####.e.#########
#...########
####..........#
#.......#######
# #........####
#
..............#
#
#.#......###e.#
# .........#
##.# #


You could see Duvessa (extremely poisoned) and Dowan.

Vanquished Creatures
  A water moccasin skeleton (D:4)
  Jessica (D:3)
  Ijyb (D:3)
  5 adders
  A howler monkey skeleton (D:4)
  An ufetubus (D:3)
  4 orcs (D:3)
  8 ball pythons
  3 endoplasms
  5 giant cockroaches
  5 hobgoblins
  8 jackals
  2 quokkas
  3 bats
  6 frilled lizards
  10 goblins
  5 kobolds
  8 rats
77 creatures vanquished.

Vanquished Creatures (others)
  A plant (D:2)
1 creature vanquished.

Grand Total: 78 creatures vanquished

Notes
Turn   | Place    | Note
-------+----------+-------------------------------------------
     0 | D:1      | kae the Draconian Transmuter began the quest for the Orb.
     0 | D:1      | Reached XP level 1. HP: 16/16 MP: 3/3
    98 | D:1      | Found a faded altar of an unknown god.
   288 | D:1      | Reached XP level 2. HP: 17/23 MP: 5/5
   875 | D:1      | Reached XP level 3. HP: 26/28 MP: 4/6
   903 | D:1      | Learned a level 3 spell: Spider Form
  2133 | D:2      | Reached XP level 4. HP: 36/36 MP: 7/7
  2487 | D:3      | Reached skill level 1 in Poison Magic
  2842 | D:3      | Noticed Ijyb
  3213 | D:3      | Killed Ijyb
  3569 | D:3      | Noticed a +0 falchion
  3570 | D:3      | Noticed a +0 spear
  3570 | D:3      | Noticed a +0 dagger
  3571 | D:3      | Noticed a +0 dagger
  3571 | D:3      | Noticed a +0 short sword
  3571 | D:3      | Noticed a +0 spear
  3571 | D:3      | Noticed a +0 falchion
  3573 | D:3      | Noticed a +0 short sword
  3573 | D:3      | Noticed Jessica
  3583 | D:3      | Found a hide-covered altar of Uskayaw.
  3619 | D:3      | Killed Jessica
  3620 | D:3      | Reached XP level 5. HP: 17/41 MP: 2/8
  3780 | D:3      | Learned a level 4 spell: Ice Form
  4617 | D:4      | Noticed Duvessa
  4617 | D:4      | Noticed Dowan
  4703 | D:4      | Reached skill level 4 in Unarmed Combat
  4892 | D:4      | Slain by Duvessa

Illustrated notes

Levels and vault maps discovered:
D:1:      minmay_arrival_doors, layout_rooms,
          ebering_ecumenical_altar_abandoned, minmay_misc_feat_hallway,
          chequers_serial_rivers_micro_c
D:2:      layout_loops_ring, serial_forest, infiniplex_forest_straight_2,
          infiniplex_forest_straight_2, infiniplex_forest_diagonal,
          infiniplex_forest_diagonal, infiniplex_forest_lined_2,
          infiniplex_forest_end_3, infiniplex_forest_pool,
          infiniplex_forest_lined_2, nrook_uturn
D:3:      layout_basic, nicolae_uskayaw_en_pointe, grunt_decor_one_mirror,
          minmay_misc_feat_pillars, minmay_quadrilaterals, uniq_ijyb,
          uniq_jessica
D:4:      layout_basic, uniq_duvessa

Skill      XL: |  1  2  3  4  5 |
---------------+----------------+-----
Dodging        | 2 |  2.5
Poison Magic   | 1 |  1.9
Transmutations | 3 |  3.4
Fighting       | 2 |  2.2
Unarmed Combat | 4 |  4.1
Spellcasting   | |  2.7

Action                   |  1- 3 |  4- 6 || total
-------------------------+-------+-------++-------
Melee: Unarmed           |   115 |    95 ||   210
       Kick              |    20 |    17 ||    37
       Tailslap          |     9 |     7 ||    16
       Headbutt          |    12 |    11 ||    23
       Punch             |     1 |     3 ||     4
 Cast: Beastly Appendage |    31 |    16 ||    47
       Spider Form       |       |     7 ||     7
  Use: Scroll            |     3 |     6 ||     9
       Potion            |       |     1 ||     1
Armor: Skin              |    33 |    29 ||    62
Dodge: Dodged            |    76 |    55 ||   131

Table legend: (Time is in decaauts)
 A = Elapsed time spent in this place.
 B = Non-inter-level travel time spent in this place.
 C = Inter-level travel time spent in this place.
 D = Time resting spent in this place.
 E = Time spent auto-exploring this place.
 F = Levels seen in this place.
 G = Mean time per level.
                   A        B        C        D        E       F      G
               +--------+--------+--------+--------+--------+-----+--------+
         Total |   4882 |   4758 |    124 |    443 |   3654 |   4 | 1220.5 |
       Dungeon |   4882 |   4758 |    124 |    443 |   3654 |   4 | 1220.5 |
               +--------+--------+--------+--------+--------+-----+--------+

Top non-repeatable levels by time:
     D:3: 2028 daAuts
     D:2: 1545 daAuts
     D:1: 1176 daAuts
     D:4: 131 daAuts
